Map: Ice and Chrome LE

Players

ShaDoWn - Winner!

  • Race: Protoss Protoss
  • League: Master
  • Spawn Location: 1:00

PtitDrogo

  • Race: Protoss Protoss
  • League: Grandmaster
  • Spawn Location: 7:00

Event: DreamHack SC2 Masters 2020 Summer Europe

VOD

Have the link to the VOD?

Description

Time

  • Played on: June 27, 2020, 12:48 p.m.
  • Length: 8:35

All games in this series

Show
View Real Time Build Order
Export as new Build Order

ShaDoWn Protoss - Winner!

Build Orders: Oracle Opening, Zealot Archon 

Get SALT Encoding   

  12  0:00  Probe  
  13  0:12  Probe  
  14  0:18  Pylon  
  14  0:24  Probe  
  15  0:32  Probe  
  15  0:38  Gateway  
  15  0:40  Probe  
  16  0:46  Assimilator  
  17  0:51  Probe  
  17  0:56  Assimilator  
  18  1:00  Probe  
  19  1:08  Gateway, Probe  
  19  1:17  Probe  
  20  1:24  Cybernetics Core  
  21  1:29  Probe  
  22  1:34  Pylon  
  22  1:41  Probe  
  23  2:00  Stargate  
  23  2:03  Probe  
  23  2:05  Adept x2  
  28  2:11  Pylon  
  28  2:34  Oracle, Warp Gate  
  31  2:50  Nexus  
  31  2:57  Shield Battery  
  31  3:13  Oracle  
  31  3:14  Probe  
  35  3:25  Probe  
  36  3:31  Pylon  
  36  3:34  Probe  
  36  3:36  Robotics Facility  
  35  3:42  Probe  
  36  3:52  Probe  
  37  3:57  Shield Battery  
  37  4:00  Probe  
  40  4:04  Probe  
  40  4:08  Probe  
  39  4:14  Probe  
  39  4:16  Probe  
  41  4:22  Probe  
  41  4:23  Immortal  
  46  4:28  Probe  
  46  4:31  Probe  
  48  4:33  Sentry  
  48  4:37  Forge  
  51  4:40  Probe  
  51  4:43  Probe  
  53  4:52  Immortal, Probe  
  52  4:53  Assimilator  
  52  4:55  Assimilator, Probe  
  53  5:03  Sentry  
  53  5:04  Probe  
  53  5:05  Pylon  
  60  5:07  Probe  
  60  5:10  Pylon  
  61  5:16  Protoss Ground Weapons Level 1, Probe  
  62  5:21  Warp Prism  
  62  5:22  Twilight Council  
  62  5:23  Probe  
  63  5:32  Probe  
  66  5:43  Stalker x2  
  70  5:52  Gateway  
  70  5:53  Gateway  
  70  6:01  Charge  
  70  6:15  Gateway x2  
  70  6:16  Templar Archives  
  70  6:19  Gateway  
  70  6:21  Gateway  
  70  6:31  Nexus  
  70  6:48  Adept x4  
  78  7:01  Probe  
  69  7:02  Probe  
  69  7:03  Warp Prism, Pylon  
  68  7:12  High Templar x4  
  68  7:13  Probe, Pylon  
  77  7:16  Pylon  
  77  7:19  Archon  
  77  7:28  Shield Battery  
  77  7:29  Photon Cannon  
  77  7:30  Archon  
  77  7:35  Shield Battery, Zealot  
  79  7:40  Zealot  
  81  7:44  Zealot x2  
  85  7:52  Zealot x2  
  88  8:01  Zealot x3  
  86  8:07  Zealot x2  
  90  8:14  Zealot x2  
  90  8:16  Probe  
  95  8:23  High Templar x4  
  103  8:27  Archon x2  
Show
View Real Time Build Order
Export as new Build Order

PtitDrogo Protoss 

Build Orders: Zealot Archon 

Get SALT Encoding   

  12  0:00  Probe  
  13  0:13  Probe  
  14  0:17  Pylon  
  14  0:23  Probe  
  15  0:31  Probe  
  15  0:38  Gateway  
  15  0:40  Probe  
  16  0:46  Assimilator  
  17  0:51  Probe  
  17  0:55  Assimilator  
  18  1:00  Probe  
  19  1:08  Gateway, Probe  
  19  1:17  Probe  
  20  1:25  Cybernetics Core  
  21  1:29  Probe  
  22  1:34  Pylon  
  22  1:41  Probe  
  23  1:54  Probe  
  24  2:01  Sentry, Stalker  
  28  2:02  Warp Gate  
  28  2:06  Probe  
  29  2:12  Pylon  
  29  2:19  Shield Battery  
  29  2:29  Stalker  
  31  2:31  Stalker  
  32  2:52  Nexus  
  32  2:54  Probe  
  33  3:02  Sentry x2  
  33  3:05  Shield Battery  
  37  3:09  Probe  
  38  3:16  Shield Battery  
  34  3:20  Probe  
  33  3:28  Probe  
  34  3:36  Probe  
  35  3:48  Probe  
  36  3:50  Stalker  
  36  3:54  Forge  
  38  4:00  Probe x2  
  39  4:08  Probe  
  40  4:12  Probe  
  40  4:13  Stalker  
  44  4:18  Probe  
  44  4:20  Protoss Ground Weapons Level 1  
  45  4:24  Probe  
  45  4:27  Probe  
  47  4:32  Stalker  
  47  4:35  Probe  
  47  4:36  Probe  
  50  4:43  Twilight Council  
  51  4:46  Probe  
  51  4:48  Probe  
  52  4:58  Probe, Pylon  
  53  5:00  Probe  
  54  5:10  Assimilator  
  54  5:12  Assimilator  
  54  5:14  Probe x2  
  54  5:15  Pylon  
  54  5:20  Charge  
  56  5:22  Pylon, Probe x2  
  58  5:30  Probe x2  
  58  5:31  Templar Archives  
  60  5:39  Robotics Facility  
  60  5:42  Probe x2  
  62  5:48  Pylon  
  62  6:05  Gateway  
  62  6:06  Gateway  
  62  6:09  Gateway  
  62  6:12  Gateway  
  62  6:17  Warp Prism  
  62  6:20  Nexus  
  62  6:32  High Templar x2  
  68  6:38  Gateway  
  66  6:40  Archon  
  47  7:02  Stalker x2  
  49  7:10  Probe x2  
  49  7:14  Gateway, Pylon  
  51  7:16  Zealot x3  
  51  7:18  Zealot  
  51  7:22  Probe  
  60  7:28  Probe  
  61  7:34  Probe  
  61  7:35  High Templar x3  
  61  7:37  High Templar  
  70  7:38  Zealot x2  
  70  7:39  Archon, Zealot  
  70  7:41  Archon  
  66  8:13  High Templar x3  
  66  8:14  Zealot x5  
  66  8:15  Probe  
  66  8:18  Archon  
Tags
 
Add a new tag
Caveats
  • Supply blocks, unpowered buildings, or Contaminate may cause inaccurate times.
  • Supply counts are checked every 10 seconds.